 Dungeon Crawl Stone Soup version bcrawl-1.38.1 (webtiles) character file.

Game seed: 6559148450127541826

156856 Alturiack the Charmwright (level 4, -6/34 HPs)
             Began as a Barachi Skald on Apr 9, 2023.
             Was an Initiate of the Shining One.
             Mangled by an orc
             ... wielding a +0 flail
              (10 damage)
             ... on level 2 of the Dungeon.
             The game lasted 00:09:16 (1074 turns).

Alturiack the Charmwright (Barachi Skald)           Turns: 1074, Time: 00:09:16

Health: -6/34      AC:  4    Str: 12    XL:     4   Next: 14%
Magic:  8/8        EV: 12    Int: 13    God:    the Shining One [......]
Gold:   60         SH:  1    Dex: 13    Spells: 7/8 levels left

rFire    . . .     GDR:     26% m - +0 falchion (holy)
rCold    . . .     SeeInvis .   (no shield)
rNeg     . . .     Gourm    .   b - +0 leather armour
rPois    .         Faith    .   g - +0 helmet
rElec    .         Spirit   .   (no cloak)
rCorr    .         Reflect  .   (no gloves)
MR       .....                  (no boots)
Stlth    +.........             d - amulet of magic regeneration
HPRegen  0.15/turn              (no ring)
MPRegen  0.21/turn              (no ring)

@: glowing, slow
A: +LOS, swims, slowness 1, strong legs 1
a: Hop, Renounce Religion


You were on level 2 of the Dungeon.
You worshipped the Shining One.
The Shining One was noncommittal.
You were not hungry.

You visited 1 branch of the dungeon, and saw 2 of its levels.

You collected 60 gold pieces.

Inventory:

Hand Weapons
 a - a +0 long sword
 m - a +0 falchion of holy wrath (weapon)
Armour
 b - a +0 leather armour (worn)
 g - a +0 helmet (worn)
Jewellery
 d - an amulet of magic regeneration (around neck)
 o - an uncursed ring of see invisible
 p - a cursed ring of ice
Scrolls
 f - a scroll of fear
 h - a scroll of enchant weapon {unknown}
 i - a scroll of teleportation {unknown}
 n - a scroll of magic mapping {unknown}
Potions
 c - a potion of agility {unknown}
 j - a potion of degeneration {unknown}
 k - 2 potions of lignification {unknown}
 l - a potion of haste {unknown}
Comestibles
 e - 2 rations {!d}


   Skills:
 + Level 2.9 Fighting
 * Level 3.1 Long Blades
 - Level 1.2 Armour
 * Level 2.7 Dodging
 * Level 2.8 Spellcasting
 * Level 3.9 Charms


You had 7 spell levels left.
You knew the following spells:

 Your Spells              Type           Power        Failure   Level  Hunger
a - Infusion              Chrm           ##......     6%          1    None

Your spell library contained the following spells:

 Spells                   Type           Power        Failure   Level  Hunger
 Song of Slaying          Chrm           ##......     9%          2    ##.....
 Swiftness                Chrm/Air       #.......     21%         2    ##.....
 Ozocubu's Armour         Chrm/Ice       #.......     36%         3    ####...
 Regeneration             Chrm/Necr      #.........   36%         3    ####...
 Spectral Weapon          Hex/Chrm       #.......     36%         3    ####...


Dungeon Overview and Level Annotations

Branches:
Dungeon (2/12)

Altars:
The Shining One


Innate Abilities, Weirdness & Mutations

You can see and be seen from farther away.
You can swim through water.
You cover ground slowly.
You can hop short distances.


Message History

There is an open door here.
You hit the hobgoblin.
The hobgoblin is heavily wounded.
The hobgoblin closely misses you.
You hit the hobgoblin.
The hobgoblin is heavily wounded.
The hobgoblin closely misses you.
You hit the hobgoblin.
The hobgoblin is severely wounded.
The hobgoblin hits you but does no damage.
You hit the hobgoblin.
You kill the hobgoblin!
You hit the frilled lizard.
You kill the frilled lizard!
You hit the goblin.
You kill the goblin!
You hit the orc but do no damage.
The orc is heavily wounded.
The orc hits you with a +0 flail!
You die...

....≈≈≈≈. ####.........#
....≈≈≈≈##### #..'..........
...≈≈≈≈≈≈≈≈≈####.#..(..##.##
..≈≈≈≈≈≈≈≈≈≈≈ ###.....# #
###.≈≈≈≈≈≈≈≈# ##......#
..##.≈≈≈≈≈≈# #..).#.....#
..##)..#########g...#.#####
...............#o####.#<..##
................@...#......#
....................#......######
.^...###............##..........#
..........####....####.......##.#
..........####....# #..........#
..........#.......# #......8...#
.....######.....>.# ##.....8_8.##
...#.######.......###.......8..#
...#......'....................#


You could see an orc and a hobgoblin.

Vanquished Creatures
  An adder (D:2)
  An ooze (D:1)
  3 worms
  A dart slug (D:2)
  2 leopard geckos (D:1)
  A ball python (D:1)
  3 bats
  A giant cockroach (D:1)
  7 goblins
  6 hobgoblins
  4 jackals (D:1)
  3 kobolds
  A frilled lizard (D:2)
  A rat (D:2)
35 creatures vanquished.

Notes
Turn   | Place    | Note
-------+----------+-------------------------------------------
     0 | D:1      | Alturiack the Barachi Skald began the quest for the Orb.
     0 | D:1      | Reached XP level 1. HP: 17/17 MP: 3/3
    34 | D:1      | Reached XP level 2. HP: 3/23 MP: 5/5
   223 | D:1      | Found a glowing golden altar of the Shining One.
   366 | D:1      | Reached XP level 3. HP: 25/28 MP: 6/6
   713 | D:1      | Became a worshipper of the Shining One
   753 | D:2      | Found a faded altar of an unknown god.
   962 | D:2      | Reached XP level 4. HP: 34/34 MP: 8/8
  1074 | D:2      | Mangled by an orc

Skill      XL: |  1  2  3 |
---------------+----------+-----
Long Blades    | 3 |  3.1
Fighting       | |  2.9
Armour         | |  1.2
Dodging        | |  2.7
Spellcasting   | |  2.8
Charms         | |  3.9

Action                   |  1- 3 |  4- 6 || total
-------------------------+-------+-------++-------
Melee: Long sword        |    77 |       ||    77
       Falchion          |     5 |    28 ||    33
 Cast: Infusion          |     2 |     1 ||     3
  Use: Scroll            |       |     1 ||     1
  Eat: Chunk             |     1 |     1 ||     2
       Ration            |       |     1 ||     1
Armor: Leather armour    |    30 |    13 ||    43
Dodge: Dodged            |    81 |    21 ||   102
Block: Other             |       |     1 ||     1
